 Dungeon Crawl Stone Soup version 0.27-a0-32-g443bf2d2ca (webtiles) character file.

Game seed: 4764031889382852274

9788 Barden the Geomancer (level 11, -4/64 HPs)
             Began as a Gargoyle Earth Elementalist on Jan 4, 2021.
             Was a Follower of Vehumet.
             Slain by a quicksilver dragon (shapeshifter) (13 damage)
             ... on level 9 of the Dungeon.
             The game lasted 00:26:27 (13487 turns).

Barden the Geomancer (Gargoyle Earth Elementalist) Turns: 13487, Time: 00:26:30

Health: -4/64      AC: 13    Str: 11    XL:     11   Next: 52%
Magic:  8/21       EV: 13    Int: 26    God:    Vehumet [*.....]
Gold:   536        SH:  0    Dex: 10    Spells: 4/24 levels left

rFire    + . .     SeeInvis .   z - +2 morningstar (protect)
rCold    + . .     Faith    .   (no shield)
rNeg     + . .     Spirit   .   B - +0 robe {rC+ rF+}
rPois    ∞         Reflect  .   i - +0 helmet
rElec    +         Harm     .   g - +0 cloak
rCorr    +         Rampage  .   (no gloves)
Will     .....                  (no boots)
Stlth    ++........             (no amulet)
HPRegen  0.20/turn              h - +6 ring of intelligence
MPRegen  0.17/turn              q - ring of resist corrosion

@: brilliant
A: negative energy resistance 1, electricity resistance, unbreathing,
petrification resistance, miasma immunity, AC +8
a: Renounce Religion


You were on level 9 of the Dungeon.
You worshipped Vehumet.
Vehumet was aware of your devotion.
You visited 2 branches of the dungeon, and saw 10 of its levels.
You also visited: Ossuary.

You collected 536 gold pieces.

Inventory:

Hand Weapons
 z - a +2 morningstar of protection (weapon)
Missiles
 b - 117 stones (quivered)
 G - 3 throwing nets
Armour
 g - a +0 cloak (worn)
 i - a +0 helmet (worn)
 B - a +0 robe of resistance (worn)
Magical Staves
 A - an uncursed staff of earth {unknown}
Jewellery
 e - an uncursed ring of protection from cold
 h - a +6 ring of intelligence (left hand)
 o - an uncursed amulet of magic regeneration
 q - a ring of resist corrosion (right hand)
 r - an uncursed ring of protection from cold
Wands
 n - a wand of paralysis (7)
 p - a wand of random effects (11)
 y - a wand of acid (4)
 H - a wand of flame (13)
Scrolls
 d - a scroll of magic mapping
 k - 9 scrolls of teleportation
 m - 6 scrolls of remove curse
 u - 3 scrolls of immolation
 C - a scroll of fear
Potions
 a - 6 potions of curing
 f - 5 potions of attraction
 j - a potion of ambrosia
 l - a potion of berserk rage
 s - 3 potions of flight
 t - 4 potions of invisibility
 v - 4 potions of heal wounds
 x - a potion of mutation {unknown}
 D - 2 potions of lignification
 E - 2 potions of might
 I - a potion of cancellation {unknown}
Miscellaneous
 w - a tin of tremorstones (2/2)
 F - a phial of floods


   Skills:
 + Level 5.6 Fighting
 + Level 5.3 Maces & Flails
 + Level 5.7 Armour
 + Level 4.6 Dodging
 - Level 2.1 Stealth
 + Level 7.0 Spellcasting
 + Level 8.8 Conjurations
 - Level 0.7 Transmutations
 + Level 9.5 Earth Magic
 + Level 4.6 Evocations


You had 4 spell levels left.
You knew the following spells:

 Your Spells              Type           Power        Failure   Level
a - Sandblast             Erth           100%         1%          1
b - Stone Arrow           Conj/Erth      100%         1%          3
c - Lee's Rapid Deconstr  Erth           36%          3%          5
d - Iron Shot             Conj/Erth      35%          22%         6
e - Bolt of Magma         Conj/Fire/Erth 28%          14%         5

Your spell library contained the following spells:

 Spells                   Type           Power        Failure   Level
 Shock                    Conj/Air       100%         1%          1
 Foxfire                  Conj/Fire      100%         1%          1
 Magic Dart               Conj           100%         1%          1
 Passwall                 Tmut/Erth      43%          1%          2
 Searing Ray              Conj           100%         1%          2
 Conjure Flame            Conj/Fire      48%          3%          3
 Dazzling Flash           Conj/Hex       96%          3%          3
 Corona                   Hex            14%          6%          1
 Petrify                  Tmut/Erth      52%          8%          4
 Ensorcelled Hibernation  Hex/Ice        26%          10%         2
 Fulminant Prism          Conj/Hex       24%          10%         4
 Iskenderun's Mystic Bla  Conj/Tloc      48%          10%         4
 Sticky Flame             Conj/Fire      48%          10%         4
 Confusing Touch          Hex            13%          19%         3
 Inner Flame              Hex/Fire       13%          19%         3
 Tukima's Dance           Hex            13%          19%         3
 Iskenderun's Battlesphe  Conj           70%          4%          5
 Fireball                 Conj/Fire      24%          28%         5
 Orb of Destruction       Conj           35%          80%         7
 Spellforged Servitor     Conj/Summ      24%          100%        7


Dungeon Overview and Level Annotations

Branches:
Dungeon (9/15)             Temple (1/1) D:7            Lair (0/6) D:8
    Orc (0/2) D:9         Ossuary (visited)

Altars:
Ashenzari
Cheibriados
Dithmenos
Elyvilon
Fedhas
Gozag
Hepliaklqana
Kikubaaqudgha
Okawaru
Sif Muna
Uskayaw
Vehumet


Innate Abilities, Weirdness & Mutations

You are resistant to torment.
Your stone body is resilient. (AC +8)
You are immune to poison.
You resist negative energy. (rN+)
You are resistant to electric shocks. (rElec)
You can survive without breathing.
You are immune to petrification.
You are immune to miasma.


Message History

The quicksilver dragon breathes dispelling energy at you.
The bolt of dispelling energy hits you!!!
Ouch! That really hurt!
Casting: Iron Shot (quite dangerous; 22% risk of failure)
Confirm with . or Enter, or press ? or * to list all spells.
Aiming: Sandblast (safe; 1% risk of failure)
Press: ? - help, Shift-Dir - straight line, f/p - quicksilver dragon
Aim: a quicksilver dragon (moderately wounded, catching its breath, 27% to evade)
The blast of sand misses the quicksilver dragon.
b - 117 stones Unknown command.
Unknown command.
It was a potion of brilliance.
You feel clever all of a sudden. The quicksilver dragon bites you!
* * * LOW HITPOINT WARNING * * *
The quicksilver dragon closely misses you.
The quicksilver dragon barely misses you.
The quicksilver dragon claws you!
You die...

..# #...#.....................
..#.........##..............##
..........#...............##
....###...#...........##....
.... ##....................
..# ##.....)....#..........
.#...........#..........
.......D............#...
.......@................
..#......#..............
###...##..............
#..####............. .$.#
#.............. ....
...##.###......# .....
......###.....## ..... ..
............# .........##


You could see a quicksilver dragon (catching breath).

Vanquished Creatures
  Gastronok (D:8)
  An ogre mage (D:7)
  Harold (D:8)
  A centaur warrior (D:9)
  An unseen horror (D:9)
  Joseph (D:9)
  Grinder (D:6)
  5 yaks
  A wraith (Ossuary)
  2 water moccasins (D:7)
  2 ice beasts
  2 orc warriors (D:7)
  3 sky beasts
  A phantom (D:8)
  5 ogres
  4 centaurs
  A big kobold (D:7)
  Blork the orc (D:6)
  A gnoll sergeant (D:9)
  A bullfrog (D:9)
  A water moccasin zombie (D:7)
  A scorpion (D:8)
  A water moccasin skeleton (D:7)
  9 wights
  A vampire bat (D:5)
  A centaur zombie (D:9)
  7 hounds
  8 jellies
  A bullfrog zombie (D:5)
  9 orc priests
  2 centaur skeletons
  Ijyb (D:4)
  A bullfrog skeleton (D:7)
  4 iguanas
  8 orc wizards
  3 worker ants
  A killer bee zombie (D:6)
  A mummy (Ossuary)
  11 gnolls
  9 adders
  2 white imps
  An ufetubus (D:8)
  An ooze (D:2)
  3 adder skeletons
  2 adder zombies
  3 worms
  A dart slug (D:1)
  6 leopard geckos
  28 orcs
  3 ball pythons
  3 bat skeletons (D:5)
  2 bat zombies (D:5)
  5 giant cockroaches
  10 goblins
  5 hobgoblins
  8 jackals
  4 quokkas
  A bat (D:1)
  4 frilled lizards
  7 gnoll skeletons (Ossuary)
  9 kobolds
  7 kobold skeletons (Ossuary)
  A leopard gecko zombie (D:5)
  11 orc skeletons (Ossuary)
  A quokka skeleton (D:4)
  A quokka zombie (D:8)
  8 rats
253 creatures vanquished.

Vanquished Creatures (collateral kills)
  A jackal (D:7)
1 creature vanquished.

Vanquished Creatures (others)
  3 plants (D:8)
3 creatures vanquished.

Grand Total: 257 creatures vanquished

Notes
Turn   | Place    | Note
-------+----------+-------------------------------------------
     0 | D:1      | Barden the Gargoyle Earth Elementalist began the quest for
                  | the Orb.
     0 | D:1      | Reached XP level 1. HP: 10/10 MP: 3/3
   254 | D:1      | Reached XP level 2. HP: 12/15 MP: 5/5
   304 | D:1      | Reached skill level 4 in Earth Magic
  1222 | D:2      | Reached XP level 3. HP: 8/19 MP: 5/7
  1980 | D:2      | Reached XP level 4. HP: 23/24 MP: 2/8
  2256 | D:2      | Noticed a centaur
  2266 | D:2      | Killed a centaur
  2267 | D:2      | Reached skill level 5 in Earth Magic
  2267 | D:2      | Reached XP level 5. HP: 7/28 MP: 7/10
  2533 | D:2      | Learned a level 3 spell: Stone Arrow
  3256 | D:3      | Reached skill level 1 in Conjurations
  3898 | D:4      | Noticed an ogre
  3904 | D:4      | Killed an ogre
  3905 | D:4      | Reached XP level 6. HP: 10/32 MP: 6/12
  4246 | D:4      | Reached skill level 6 in Earth Magic
  4449 | D:4      | Identified the +2 ring mail "Imuthryps" {*Corrode +Fly
                  | rPois MP+9}
  4568 | D:3      | Learned a level 5 spell: Lee's Rapid Deconstruction
  4630 | D:4      | Reached XP level 7. HP: 33/36 MP: 4/13
  4915 | D:4      | Noticed Ijyb
  4931 | D:4      | Killed Ijyb
  5274 | D:4      | Found an iron altar of Okawaru.
  5585 | D:5      | Entered Level 5 of the Dungeon
  6064 | D:5      | Found an ancient bone altar of Kikubaaqudgha.
  6076 | D:5      | Reached skill level 5 in Conjurations
  6561 | D:6      | Reached skill level 7 in Earth Magic
  6561 | D:6      | Reached XP level 8. HP: 42/42 MP: 8/15
  6562 | D:6      | Reached skill level 5 in Spellcasting
  6617 | D:6      | Noticed Grinder
  6621 | D:6      | Killed Grinder
  6622 | D:6      | Reached skill level 1 in Fighting
  6622 | D:6      | Reached skill level 1 in Maces & Flails
  6622 | D:6      | Reached skill level 1 in Armour
  6622 | D:6      | Reached skill level 1 in Evocations
  7125 | D:6      | Noticed Blork the orc
  7134 | D:6      | Killed Blork the orc
  7696 | D:7      | Reached XP level 9. HP: 41/48 MP: 5/17
  7923 | D:7      | Found a staircase to the Ecumenical Temple.
  8047 | D:7      | Found a sand-covered staircase.
  8056 | Ossuary  | Entered an ossuary
  8657 | D:7      | Reached skill level 8 in Earth Magic
  8682 | D:7      | Learned a level 5 spell: Bolt of Magma
  8702 | D:7      | Noticed an ogre mage
  8705 | D:7      | Killed an ogre mage
  8706 | D:7      | Reached XP level 10. HP: 35/56 MP: 7/19
  9220 | D:7      | Learned a level 6 spell: Iron Shot
  9305 | D:7      | Found a blossoming altar of Fedhas.
  9305 | D:7      | Found a broken altar of Ashenzari.
  9307 | D:7      | Found a white marble altar of Elyvilon.
  9310 | D:7      | Found a radiant altar of Vehumet.
  9311 | D:7      | Found an opulent altar of Gozag.
  9314 | D:7      | Became a worshipper of Vehumet
  9317 | D:7      | Found a shimmering blue altar of Sif Muna.
  9318 | D:7      | Found a shadowy altar of Dithmenos.
  9319 | D:7      | Found a snail-covered altar of Cheibriados.
  9320 | D:7      | Found a hide-covered altar of Uskayaw.
  9545 | D:7      | Found an ancient bone altar of Kikubaaqudgha.
  9699 | D:7      | Found a blossoming altar of Fedhas.
  9699 | D:7      | Found a broken altar of Ashenzari.
  9701 | D:7      | Found a white marble altar of Elyvilon.
  9704 | D:7      | Found a radiant altar of Vehumet.
  9705 | D:7      | Found an opulent altar of Gozag.
  9707 | D:7      | Found a shadowy altar of Dithmenos.
  9708 | D:7      | Found a shimmering blue altar of Sif Muna.
  9709 | D:7      | Found a hide-covered altar of Uskayaw.
  9710 | D:7      | Found a snail-covered altar of Cheibriados.
  9842 | D:7      | Found a staircase to the Ecumenical Temple.
 10099 | D:7      | Found an ancient bone altar of Kikubaaqudgha.
 10345 | Temple   | Entered the Ecumenical Temple
 10370 | D:8      | Noticed Harold
 10387 | D:8      | Killed Harold
 10570 | D:8      | Found a staircase to the Lair.
 10577 | D:8      | Noticed Gastronok
 10590 | D:8      | Killed Gastronok
 10819 | D:8      | Reached skill level 9 in Earth Magic
 11072 | D:8      | Reached skill level 5 in Armour
 11292 | D:8      | Found a hazy altar of Hepliaklqana.
 11709 | D:9      | Reached skill level 5 in Fighting
 11710 | D:9      | Reached XP level 11. HP: 61/63 MP: 15/20
 12092 | D:9      | Found a staircase to the Orcish Mines.
 12093 | D:9      | Noticed Joseph
 12100 | D:9      | Killed Joseph
 12323 | D:8      | Reached skill level 5 in Maces & Flails
 12862 | D:9      | Reached * piety under Vehumet
 12862 | D:9      | Offered knowledge of Shock by Vehumet.
 12978 | D:9      | Killed an unseen horror
 13007 | D:9      | Noticed a centaur warrior
 13040 | D:9      | Killed a centaur warrior
 13187 | D:9      | Noticed a shock serpent
 13187 | D:9      | a slime creature changed into a shock serpent
 13312 | D:9      | Noticed a stone giant
 13312 | D:9      | Noticed a lindwurm
 13481 | D:9      | Noticed a quicksilver dragon
 13487 | D:9      | Slain by a quicksilver dragon (shapeshifter)

Illustrated notes

Levels and vault maps discovered:
D:1:      saegor_arrival_simple_b, layout_basic, serial_curves, eino_curves_03,
          eino_curves_02
D:2:      layout_basic
D:3:      layout_loops_ring
D:4:      layout_basic, okawaru_altar_gauntlet_db, kennysheep_generic_room_15,
          uniq_ijyb
D:5:      layout_loops_corners, kennysheep_vampire_church
D:6:      layout_loops_cross, uniq_grinder, uniq_blork_the_orc
D:7:      minmay_the_grid_octo_2x2 [minmay_the_grid_octo_vomiting_pacman,
          minmay_the_grid_octo_empty, minmay_the_grid_octo_empty,
          minmay_the_grid_octo_prize_single_spiral], layout_basic, minitemple,
          enter_ossuary_1, lemuel_statue_altar
D:8:      layout_loops_ring, lemuel_round_altar, dpeg_oklobed_lair, uniq_harold,
          uniq_gastronok
D:9:      minmay_sliced_demisemicircle, layout_cave_pools, hiddenorc1_lemuel,
          minivault_13, uniq_joseph, uniq_maggie, uniq_grum, uniq_psyche
Temple:   compressed_dpeg_circular_temple

Skill      XL: |  1  2  3  4  5  6  7  8  9 10 11 |
---------------+----------------------------------+-----
Earth Magic    | 4 5 6 7 8 9 |  9.5
Spellcasting   | 3 4 5 6 7 |  7.0
Conjurations   | 2 3 5 6 7 8 |  8.8
Fighting       | 2 3 5 |  5.6
Maces & Flails | 2 3 4 5 |  5.3
Armour         | 2 3 5 |  5.7
Dodging        | 2 3 4 |  4.6
Evocations     | 1 3 4 |  4.6
Stealth        | |  2.1
Transmutations | |  0.7

Action                   |  1- 3 |  4- 6 |  7- 9 | 10-12 || total
-------------------------+-------+-------+-------+-------++-------
Melee: Short sword       |    98 |    23 |       |       ||   121
       Dagger            |     2 |    74 |    80 |       ||   156
       Morningstar       |       |       |   145 |   177 ||   322
 Cast: Sandblast         |    17 |    32 |    70 |    36 ||   155
       Stone Arrow       |       |     1 |     2 |    10 ||    13
       Lee's Rapid Decon |       |       |    16 |    17 ||    33
       Iron Shot         |       |       |       |     2 ||     2
Evoke: Wand              |       |       |     6 |     5 ||    11
  Use: Scroll            |     3 |     4 |    10 |     6 ||    23
       Potion            |       |     3 |       |     2 ||     5
 Stab: Sleeping          |     3 |     1 |     2 |     4 ||    10
Armor: Robe              |    33 |    21 |   152 |   122 ||   328
Dodge: Dodged            |    70 |    59 |   226 |   193 ||   548

Table legend: (Time is in decaauts)
 A = Elapsed time spent in this place.
 B = Non-inter-level travel time spent in this place.
 C = Inter-level travel time spent in this place.
 D = Time resting spent in this place.
 E = Time spent auto-exploring this place.
 F = Levels seen in this place.
 G = Mean time per level.
                   A        B        C        D        E       F      G
               +--------+--------+--------+--------+--------+-----+--------+
         Total |  13609 |  13285 |    324 |   3063 |   7993 |  11 | 1237.2 |
       Dungeon |  13055 |  12731 |    324 |   2761 |   7991 |   9 | 1450.6 |
        Temple |      1 |      1 |      0 |      0 |      0 |   1 |    1.0 |
       Ossuary |    552 |    552 |      0 |    301 |      2 |   1 |  552.0 |
               +--------+--------+--------+--------+--------+-----+--------+

Top non-repeatable levels by time:
     D:7: 2431 daAuts
     D:8: 1778 daAuts
     D:2: 1609 daAuts
     D:3: 1386 daAuts
     D:4: 1347 daAuts
     D:9: 1279 daAuts
     D:1: 1212 daAuts
     D:6: 1058 daAuts
     D:5: 952 daAuts
 Ossuary: 552 daAuts
  Temple: 1 daAuts
